 Dungeon Crawl Stone Soup version 0.29.1-2-gbd0b4ee654 (webtiles) character file.

Game seed: 13971205698273106316

389 safid the Shooter (level 6, -1/57 HPs)
             Began as a Minotaur Hunter on Nov 22, 2022.
             Slain by a scorpion (6 damage)
             ... on level 4 of the Dungeon.
             The game lasted 00:03:38 (2953 turns).

safid the Shooter (Minotaur Hunter)                 Turns: 2953, Time: 00:03:40

Health: -1/57      AC:  5    Str: 15    XL:     6   Next: 50%
Magic:  5/5        EV: 12    Int:  6    God:
Gold:   221        SH:  0    Dex: 16    Spells: 5/5 levels left

rFire   . . .      SeeInvis .   a - +0 shortbow
rCold   . . .      Faith    .   (shield currently unavailable)
rNeg    . . .      Spirit   .   c - +0 leather armour
rPois   .          Reflect  .   (helmet restricted)
rElec   .          Harm     .   (no cloak)
rCorr   .          Rampage  +   (no gloves)
Will    .....                   f - +1 pair of boots {rampage}
Stlth   +.........              (no amulet)
HPRegen 0.19/turn               (no ring)
MPRegen 0.09/turn               (no ring)

@: lethally poisoned (-1 -> -15), attractive
A: horns 2, retaliatory headbutt
a: no special abilities


You were on level 4 of the Dungeon.
You visited 1 branch of the dungeon, and saw 4 of its levels.

You collected 221 gold pieces.

Inventory:

Hand Weapons
 a - a +0 shortbow (weapon)
Armour
 c - a +0 leather armour (worn)
 f - a +1 pair of boots of rampaging (worn)
Jewellery
 m - an amulet of regeneration
Scrolls
 b - 2 scrolls of immolation
 e - 2 scrolls of fog {unknown}
 g - 2 scrolls of vulnerability {unknown}
 h - 5 scrolls of identify {unknown}
 j - a scroll of amnesia {unknown}
 l - a scroll of teleportation {unknown}
Potions
 d - a potion of attraction
 i - a potion of mutation {unknown}
 k - a potion of lignification {unknown}
 n - a potion of curing {unknown}


   Skills:
 + Level 6.1 Fighting
 + Level 6.8 Ranged Weapons
 - Level 2.1 Dodging
 - Level 0.7 Stealth


You had 5 spell levels left.
You didn't know any spells.
Your spell library contained the following spells:

 Spells                   Type           Power      Damage    Failure   Level
 Confusing Touch          Hex            0%         N/A       88%         3
 Yara's Violent Unravell  Hex/Tmut       0%         3d3       100%        5
 Enfeeble                 Hex            0%         N/A       100%        7


Dungeon Overview and Level Annotations

Branches:
Dungeon (4/15)
 Temple: D:4-7

Altars:
Fedhas

Annotations:
D:3 2 transporters


Innate Abilities, Weirdness & Mutations

You have a pair of horns on your head.
You reflexively headbutt those who attack you in melee.


Message History

Aim: a hobgoblin (severely wounded, 66% to hit)
You shoot an arrow. The arrow hits the hobgoblin.
The hobgoblin is almost dead.
The scorpion closely misses you.
The scorpion stings you but does no damage.
The hobgoblin hits you. The kobold barely misses you. You furiously retaliate!
You headbutt the kobold!
You kill the kobold!
Unknown command.
Fire: a) +0 shortbow
Press: ? - help, Q - select action Shift-Dir - straight line, f - scorpion, p - hobgoblin
Aim: a scorpion (66% to hit)
You shoot an arrow. The arrow hits the scorpion.
The scorpion is moderately wounded.
The scorpion stings you.
You are poisoned.
The scorpion poisons you! The hobgoblin barely misses you.
Unknown command.
Fire: a) +0 shortbow
Press: ? - help, Q - select action Shift-Dir - straight line, f/p - scorpion
Aim: a scorpion (moderately wounded, 66% to hit)
You shoot an arrow.
The arrow completely misses the scorpion.
You feel very sick. The scorpion stings you.
* * * LOW HITPOINT WARNING * * *
The hobgoblin closely misses you. You furiously retaliate!
You headbutt the hobgoblin, but do no damage.
The scorpion stings you.
* * * LOW HITPOINT WARNING * * *
You are lethally poisoned!
The scorpion poisons you!
Unknown command.
It was a potion of attraction.
You feel attractive to monsters.
* * * LOW HITPOINT WARNING * * *
You feel very sick.
The hobgoblin hits you but does no damage.
The scorpion stings you.
You die...

#. # #. # #####. #.
##. ..##K##.# #... ...
....# ..... #.# #..##
#.....#)####...##
#.....s@g.......#
#..#.#####.#..........
>.....ยง<............
...#.###.#.#.#######
#.##.<# .# #.# .. ##.
## #


You could see a scorpion and a hobgoblin.

Vanquished Creatures
  A sky beast (D:3)
  A phantom (D:4)
  A vampire bat (D:3)
  An orc priest (D:3)
  Jessica (D:3)
  3 gnolls (D:3)
  An adder (D:3)
  An ufetubus (D:4)
  5 dart slugs
  3 orcs (D:3)
  11 bats
  3 endoplasms (D:1)
  4 giant cockroaches
  3 hobgoblins
  A quokka (D:1)
  7 ball pythons
  2 frilled lizards (D:1)
  8 goblins
  10 kobolds
  13 rats
80 creatures vanquished.

Notes
Turn   | Place    | Note
-------+----------+-------------------------------------------
     0 | D:1      | safid the Minotaur Hunter began the quest for the Orb.
     0 | D:1      | Reached XP level 1. HP: 18/18 MP: 0/0
    48 | D:1      | Found a faded altar of an unknown god.
   170 | D:1      | Reached XP level 2. HP: 26/26 MP: 1/1
   609 | D:1      | Reached skill level 5 in Ranged Weapons
   609 | D:1      | Reached XP level 3. HP: 20/31 MP: 2/2
  1565 | D:2      | Found a blossoming altar of Fedhas.
  1759 | D:3      | Noticed a sky beast
  1772 | D:3      | Killed a sky beast
  1773 | D:3      | Reached XP level 4. HP: 23/41 MP: 3/3
  1773 | D:3      | Reached XP level 5. HP: 27/47 MP: 4/4
  2191 | D:3      | Reached skill level 5 in Fighting
  2262 | D:3      | Found a transporter.
  2269 | D:3      | Identified the +1 robe "Jaschoh" {-Tele Fly Str+3}
  2283 | D:3      | Found a transporter.
  2533 | D:3      | Reached XP level 6. HP: 56/56 MP: 5/5
  2782 | D:3      | Noticed Jessica
  2785 | D:3      | Killed Jessica
  2953 | D:4      | Slain by a scorpion

Illustrated notes

Levels and vault maps discovered:
D:1:      giann_bridges, layout_loops_corners,
          ebering_ecumenical_altar_petrified
D:2:      layout_basic, basic_altar
D:3:      gammafunk_steamed_eel, layout_basic,
          nicolae_concentric_dashed_squares_wild, palyth_stone_intersect,
          roderic_batcave, minmay_circle_x, uniq_jessica
D:4:      layout_loops_ring

Skill      XL: |  1  2  3  4  5  6 |
---------------+-------------------+-----
Fighting       | 3 4 5 6 |  6.1
Ranged Weapons | 5 6 |  6.8
Dodging        | |  2.1
Stealth        | |  0.7

Action                   |  1- 3 |  4- 6 || total
-------------------------+-------+-------++-------
 Fire: Shortbow          |   109 |    95 ||   204
  Use: Potion            |       |     1 ||     1
Armor: Leather armour    |    11 |    34 ||    45
Dodge: Dodged            |    26 |    48 ||    74
